 Dungeon Crawl Stone Soup version 0.30.1-9-gdf580d7c3d (webtiles) character file.

Game seed: 118590584265687251

79 leafyfresh the Digger (level 4, -2/22 (27) HPs)
             Began as an Octopode Earth Elementalist on Oct 12, 2023.
             Killed from afar by an orc wizard (11 damage)
             ... with a magic dart
             ... on level 3 of the Dungeon.
             The game lasted 00:02:45 (1980 turns).

leafyfresh the Digger (Octopode Earth Elementalist) Turns: 1980, Time: 00:02:47

HP:   -2/22 (27)    AC:  1    Str:  7    XL:     4   Next: 37%
MP:   3/8           EV: 13    Int: 19    God:
Gold: 82            SH:  0    Dex: 12    Spells: 8/9 levels left

rFire   . . .        i - +1 trident (venom)
rCold   . . .        (no shield)
rNeg    . . .        (helmet restricted)
rPois   .            (no amulet)
rElec   .            (no ring)
rCorr   .            (no ring)
SInv    .            (no ring)
Will    .....        (no ring)
Stlth   +++          (no ring)
HPRegen 0.23/turn    (no ring)
MPRegen 0.11/turn    (no ring)
                     (no ring)

%: no passive effects
@: heavily drained
A: almost no armour, amphibious, 8 rings, camouflage 1, gelatinous body 1,
(nimble swimmer 1), tentacles
a: no special abilities


You were on level 3 of the Dungeon.
You visited 1 branch of the dungeon, and saw 3 of its levels.

You collected 82 gold pieces.

Inventory:

Hand Weapons
 i - a +1 trident of venom (weapon)
Missiles
 h - 2 throwing nets
Magical Staves
 e - a staff of fire
Wands
 g - a wand of mindburst (22)
Scrolls
 b - 3 scrolls of identify {unknown}
 c - a scroll of enchant weapon {unknown}
 d - a scroll of teleportation {unknown}
 j - a scroll of vulnerability {unknown}
Potions
 a - a potion of magic
 f - a potion of haste {unknown}
 k - a potion of attraction {unknown}


   Skills:
 - Level 2.0 Dodging
 - Level 2.6 Stealth
 + Level 3.2 Spellcasting
 - Level 1.0 Transmutations
 + Level 4.1 Earth Magic


You had 8 spell levels left.
You knew the following spells:

 Your Spells              Type           Power      Damage    Failure   Level
a - Sandblast             Erth           36%        2d10      2%          1

Your spell library contained the following spells:

 Spells                   Type           Power      Damage    Failure   Level
 Passwall                 Tmut/Erth      10%        N/A       8%          2
 Slow                     Hex            12%        N/A       16%         1
 Summon Small Mammal      Summ           12%        N/A       16%         1
 Stone Arrow              Conj/Erth      20%        3d8       19%         3
 Call Canine Familiar     Summ           3%         N/A       41%         3
 Confusing Touch          Hex            3%         N/A       41%         3
 Summon Guardian Golem    Hex/Summ       3%         N/A       41%         3
 Vampiric Draining        Necr           3%         2d6       41%         3
 Petrify                  Tmut/Erth      12%        N/A       45%         4


Dungeon Overview and Level Annotations

Branches:
Dungeon (3/15)

Altars:


Innate Abilities, Weirdness & Mutations

You cannot wear most types of armour.
You are amphibious.
You can wear up to eight rings at the same time.
Your skin changes colour to match your surroundings (Stealth+).
Your rubbery body absorbs attacks. (AC +1, EV +1)
((You are camouflaged when in or above water. (Stealth+)))
You have tentacles for arms and can constrict up to eight enemies at once.


Message History

The blast of sand hits the orc.
The orc is lightly wounded.
The orc hits you with a +0 short sword.
The orc wizard hits you with a +1 dagger of draining.
You feel drained.
Casting: Sandblast (safe; 2% risk of failure)
Confirm with . or Enter, or press ? or * to list all spells.
Aiming: Sandblast (safe; 2% risk of failure)
Press: ? - help, Shift-Dir - straight line, f/p - orc
Aim: an orc, wielding a +0 short sword and wearing a +0 leather armour (lightly wounded, 82% to hit)
The blast of sand hits the orc.
You kill the orc!
The orc wizard casts a spell at you.
You are confused.
The orc wizard hits you with a +1 dagger of draining.
You feel drained.
You barely miss the orc wizard.
The orc wizard is heavily wounded.
The orc wizard hits you with a +1 dagger of draining.
You feel drained. The orc wizard closely misses you.
Things that are here:
a +0 short sword; a +0 leather armour The orc wizard closely misses you.
Unknown command.
The orc wizard misses you.
Things that are here:
a +0 short sword; a +0 leather armour You bump into the rock wall.
The orc wizard closely misses you.
You're too confused to move!
You feel less confused. The orc wizard barely misses you.
You closely miss the orc wizard. You grab the orc wizard.
You squeeze the orc wizard.
The orc wizard is almost dead.
You constrict the orc wizard, but do no damage.
The orc wizard points at you and mumbles some strange words.
The magic dart hits you!
Ouch! That really hurt!
You die...

##.#.##### ##
........# ... .......#
#.# ###### ##.#)..#
#.# #..... #..$#..#
#.# #.#### #...)..#
###.####.####
#...#..###............
#...o)........##...##
####@.#.#.#.#.##...#
#..........##...#
#..#.#.#..........
#..##...###.##..##
..........# .# ..#
###..###.#.# .# ..#
##.# #.#.# .# .# #.#.#
#.# #


You could see an orc wizard.

Vanquished Creatures
  3 adders
  A worm (D:2)
  3 orcs (D:3)
  2 ball pythons
  10 endoplasms
  6 goblins
  2 hobgoblins (D:1)
  4 kobolds
  A quokka (D:2)
  5 bats
  A frilled lizard (D:1)
  3 rats (D:2)
41 creatures vanquished.

Notes
Turn   | Place    | Note
-------+----------+-------------------------------------------
     0 | D:1      | leafyfresh the Octopode Earth Elementalist began the quest
                  | for the Orb.
     0 | D:1      | Reached XP level 1. HP: 11/11 MP: 3/3
   153 | D:1      | Reached XP level 2. HP: 17/17 MP: 1/5
   692 | D:1      | Reached XP level 3. HP: 20/21 MP: 4/6
  1917 | D:3      | Reached skill level 4 in Earth Magic
  1917 | D:3      | Reached XP level 4. HP: 23/27 MP: 8/8
  1980 | D:3      | Killed from afar by an orc wizard

Illustrated notes

Levels and vault maps discovered:
D:1:      dpeg_arrival_more_subterranean_lakeside_camping, layout_basic
D:2:      layout_basic
D:3:      layout_loops_ring, ebering_ghost_rock_garden, moated_statue

Skill      XL: |  1  2  3 |
---------------+----------+-----
Spellcasting   | 3 |  3.2
Earth Magic    | 4 |  4.1
Dodging        | |  2.0
Stealth        | |  2.6
Transmutations | |  1.0

Action                     |  1- 3 |  4- 6 || total
---------------------------+-------+-------++-------
  Melee: Unarmed           |    13 |       ||    13
         Tentacles         |     2 |     1 ||     3
         Constrict         |     5 |     2 ||     7
         Trident           |    18 |     5 ||    23
   Cast: Sandblast         |    32 |     6 ||    38
   Stab: Sleeping          |     7 |     1 ||     8
 Armour: Skin              |     4 |     1 ||     5
  Dodge: Dodged            |    25 |     6 ||    31
